AoeStats
← MrKarlos

MegaRandom

505560927Analyzed
4v4 RM · 23d ago on Sep 10, 2026· 56m 22s· 8 players
Game mode
Random Map
Map size
Large (8 player)
Population
200
Speed
Normal
Resources
Standard
Victory
Conquest
Starting age
Dark Age
Ending age
Imperial Age
RankedLock teamsTeams togetherTeam positionsShared explorationLock speedFull tech treeHidden civsTurbo modeCheats
Victory
Defeat
🇨🇱 Ethiopians · Chile
1533
+11
🇦🇷 Malians · Argentina
1398
+16
🇨🇱 Lithuanians · Chile
1356
+18
🇨🇱 Tupi · Chile
1108
+27
🇧🇷 Sicilians · Brazil
1473
-21
🇦🇷 Mongols · Argentina
1437
-20
🇺🇸 Persians · United States
1343
-16
🇻🇳 Cumans · Vietnam
1318
-15
PoopMaster
4:29 Loom
39:33 Feudal Age
41:40 Feudal Age
42:09 Double-Bit Axe
42:06 Horse Collar
43:34 Wheelbarrow
42:56 Gold Mining
42:56 Stone Mining
47:08 Castle Age
48:32 Bow Saw
48:24 Heavy Plow
49:25 Gold Shaft Mining
49:29 Stone Shaft Mining
49:20 Hand Cart
52:11 Pikeman
52:53 Squires
52:38 Gambesons
55:00 Scale Mail Armor
55:10 Forging
Alvaro
7:20 Loom
9:45 Feudal Age
13:44 Double-Bit Axe
15:47 Fletching
22:01 Gold Mining
23:42 Horse Collar
29:52 Castle Age
28:04 Padded Archer Armor
29:56 Crossbowman
30:31 Bodkin Arrow
31:47 Leather Archer Armor
32:18 Thumb Ring
32:36 Ballistics
36:04 Wheelbarrow
35:15 Town Watch
35:41 Bow Saw
35:32 Heavy Plow
35:26 Stone Mining
39:54 Husbandry
40:04 Bloodlines
50:57 Imperial Age
51:42 Bracer
52:44 Chemistry
56:14 Conscription
55:27 Elite Mangudai
56:48 Gold Shaft Mining
56:51 Stone Shaft Mining
我有低保我先上
11:16 Feudal Age
17:09 Castle Age
15:39 Double-Bit Axe
18:08 Horse Collar
18:19 Gold Mining
18:38 Scale Barding Armor
29:48 Loom
30:39 Wheelbarrow
30:15 Bow Saw
30:07 Heavy Plow
30:43 Gold Shaft Mining
31:14 Bloodlines
31:05 Husbandry
32:40 Chain Barding Armor
32:31 Forging
36:10 Hand Cart
40:45 Imperial Age
38:52 Iron Casting
40:26 Cavalier
42:24 Stone Mining
43:27 Savar
45:24 Two-Man Saw
44:56 Crop Rotation
45:03 Stone Shaft Mining
45:46 Plate Barding Armor
45:58 Conscription
45:45 Kamandaran
46:48 Blast Furnace
45:39 Fletching
45:50 Padded Archer Armor
47:17 Thumb Ring
46:33 Crossbowman
49:28 Chemistry
48:43 Bodkin Arrow
49:12 Ballistics
49:51 Leather Archer Armor
51:47 Ring Archer Armor
50:58 Light Cavalry
52:40 Hussar
54:48 Heavy Camel Rider
Vàng Ai Nấy Đào
6:40 Loom
7:15 Loom
10:31 Feudal Age
12:35 Double-Bit Axe
19:48 Scale Barding Armor
20:52 Forging
25:04 Fletching
26:45 Bloodlines
32:18 Castle Age
30:37 Horse Collar
32:31 Light Cavalry
39:04 Chain Barding Armor
39:49 Bow Saw
40:33 Heavy Plow
42:26 Gold Mining
44:08 Town Watch
44:48 Stone Mining
48:53 Imperial Age
47:08 Wheelbarrow
48:31 Hand Cart
48:56 Cavalier
rencud
7:17 Loom
10:19 Feudal Age
15:22 Castle Age
14:46 Horse Collar
14:54 Double-Bit Axe
24:16 Gold Mining
27:34 Forging
31:26 Pikeman
44:23 Wheelbarrow
47:27 Hand Cart
46:58 Town Watch
50:57 Imperial Age
49:01 Scale Mail Armor
49:12 Squires
49:10 Arson
50:49 Ballistics
51:18 Fletching
51:29 Padded Archer Armor
53:00 Chemistry
51:51 Halberdier
52:50 Chain Mail Armor
52:33 Bodkin Arrow
52:55 Leather Archer Armor
54:27 Iron Casting
53:57 Bracer
54:28 Ring Archer Armor
54:41 Elite Skirmisher
55:50 Scale Barding Armor
56:16 Murder Holes
LaWeá
6:42 Loom
9:59 Feudal Age
12:15 Double-Bit Axe
15:44 Fletching
19:12 Padded Archer Armor
28:37 Castle Age
28:38 Crossbowman
29:25 Thumb Ring
29:19 Bodkin Arrow
31:43 Ballistics
33:07 Leather Archer Armor
38:50 Elite Skirmisher
56:07 Imperial Age
56:14 Arbalester
2 Legit 2 Quit
7:06 Loom
10:12 Feudal Age
11:14 Double-Bit Axe
12:23 Forging
12:11 Horse Collar
21:45 Bloodlines
27:20 Castle Age
26:16 Gold Mining
28:50 Iron Casting
28:20 Scale Barding Armor
28:48 Heavy Plow
30:13 Wheelbarrow
32:22 Hand Cart
32:39 Chain Barding Armor
34:09 Fletching
34:34 Town Watch
35:53 Gold Shaft Mining
38:50 Stone Mining
44:06 Imperial Age
44:33 Husbandry
44:20 Cavalier
45:12 Farimba
46:22 Plate Barding Armor
48:35 Crop Rotation
49:57 Chemistry
48:31 Light Cavalry
MrKarlos
1:11 Loom
10:56 Feudal Age
47:44 Horse Collar
Connection lost

Rejoining the realm…

Still unreachable

The connection could not be restored.

Session expired

The server has moved on; the page needs a fresh start.